AoeStats
← xarminx

Arabia

506667456Analyzed
3v3 RM · 18d ago on Sep 14, 2026· 54m 52s· 6 players
Game mode
Random Map
Map size
Normal (6 player)
Population
200
Speed
Normal
Resources
Standard
Victory
Conquest
Starting age
Dark Age
Ending age
Imperial Age
RankedLock teamsTeams togetherTeam positionsShared explorationLock speedFull tech treeHidden civsTurbo modeCheats
Victory
Defeat
🇩🇪 Jurchens · Germany
1082
+13
🇩🇪 Italians · Germany
1063
+13
🇩🇪 Vietnamese · Germany
1045
+14
🇳🇱 Maya · Netherlands
1032
-14
🇨🇱 Franks · Chile
1022
-14
🇨🇳 Persians · China
975
-12
adjorno
0:29 Loom
10:29 Feudal Age
10:56 Double-Bit Axe
16:20 Fletching
20:21 Castle Age
19:50 Padded Archer Armor
20:28 Crossbowman
21:57 Bow Saw
22:18 Bodkin Arrow
24:16 Wheelbarrow
23:55 Gold Mining
24:58 Thumb Ring
24:32 Elite Skirmisher
41:09 Imperial Age
XITRO
10:48 Feudal Age
15:45 Castle Age
15:06 Double-Bit Axe
19:14 Loom
21:15 Wheelbarrow
22:45 Gold Mining
24:46 Fervor
24:56 Bow Saw
26:22 Hand Cart
27:12 Stone Mining
33:38 Imperial Age
32:06 Murder Holes
32:31 Ballistics
32:22 Masonry
32:16 Husbandry
32:17 Gambesons
34:11 Forging
34:28 Town Watch
34:59 Scale Barding Armor
36:44 Chemistry
36:16 Architecture
36:58 Chain Barding Armor
37:14 Iron Casting
36:03 Cavalier
38:20 Siege Engineers
39:33 Plate Barding Armor
40:36 Blast Furnace
39:38 Padded Archer Armor
41:05 Conscription
41:25 Heavy Scorpion
43:11 Scale Mail Armor
43:26 Leather Archer Armor
43:02 Fletching
43:25 Fortified Wall
43:18 Pikeman
43:59 Squires
45:12 Caravan
45:37 Chain Mail Armor
zenghui
1:23 Loom
10:42 Feudal Age
11:26 Double-Bit Axe
12:46 Horse Collar
14:19 Wheelbarrow
20:28 Castle Age
20:36 Bloodlines
21:10 Hand Cart
22:22 Bow Saw
22:44 Heavy Plow
23:59 Scale Barding Armor
24:06 Forging
24:23 Gold Mining
29:27 Stone Mining
32:10 Stone Shaft Mining
33:24 Gold Shaft Mining
34:39 Murder Holes
38:11 Imperial Age
37:23 Chain Barding Armor
37:39 Iron Casting
39:39 Two-Man Saw
40:13 Crop Rotation
40:32 Elite War Elephant
42:55 Conscription
43:27 Plate Barding Armor
44:39 Blast Furnace
46:36 Chemistry
ragnksaefh
7:03 Loom
7:11 Loom
10:04 Feudal Age
14:37 Bloodlines
23:23 Castle Age
22:39 Double-Bit Axe
22:37 Horse Collar
24:35 Heavy Plow
24:47 Bow Saw
24:28 Pikeman
25:08 Squires
32:38 Crossbowman
33:23 Thumb Ring
37:11 Imperial Age
34:51 Fletching
35:02 Padded Archer Armor
37:26 Arbalester
38:38 Bodkin Arrow
40:06 Bracer
40:21 Leather Archer Armor
42:27 Chemistry
43:18 Crop Rotation
46:06 Wheelbarrow
45:16 Town Watch
xarminx
8:35 Loom
11:04 Feudal Age
15:39 Castle Age
14:38 Double-Bit Axe
15:26 Horse Collar
16:56 Bow Saw
18:08 Wheelbarrow
23:11 Gold Mining
24:25 Scale Barding Armor
25:17 Bloodlines
25:07 Husbandry
25:39 Heavy Plow
25:45 Stone Mining
26:49 Chain Barding Armor
26:35 Town Watch
28:32 Hand Cart
28:56 Forging
30:43 Town Patrol
33:08 Iron Casting
36:44 Imperial Age
34:36 Padded Archer Armor
36:48 Elite Steppe Lancer
38:04 Plate Barding Armor
38:30 Blast Furnace
39:15 Conscription
38:49 Fletching
40:29 Caravan
43:00 Chemistry
42:07 Siege Engineers
42:14 Masonry
42:57 Stone Shaft Mining
43:23 Two-Man Saw
42:56 Crop Rotation
45:35 Guilds
51:59 Elite Fire Lancer
52:40 Squires
52:26 Gambesons
Passive Value
8:30 Loom
10:40 Feudal Age
15:49 Fletching
20:25 Castle Age
20:33 Crossbowman
21:40 Bodkin Arrow
23:34 Ballistics
23:31 Double-Bit Axe
23:27 Horse Collar
27:24 Padded Archer Armor
32:34 Leather Archer Armor
36:54 Imperial Age
35:08 Wheelbarrow
34:45 Bow Saw
34:36 Heavy Plow
38:18 Bracer
38:48 Ring Archer Armor
39:23 Chemistry
38:19 Murder Holes
38:30 Arbalester
41:30 Elite Genoese Crossbowman
42:30 Conscription
43:39 Crop Rotation
44:11 Two-Man Saw
Connection lost

Rejoining the realm…

Still unreachable

The connection could not be restored.

Session expired

The server has moved on; the page needs a fresh start.